AoeStats
← ArminGN

Arena

508067036Analyzed
1v1 RM · 12d ago on Sep 20, 2026· 40m 36s· 2 players
Game mode
Random Map
Map size
Tiny (2 player)
Population
200
Speed
Normal
Resources
Standard
Victory
Conquest
Starting age
Dark Age
Ending age
Imperial Age
RankedLock teamsTeams togetherTeam positionsShared explorationLock speedFull tech treeHidden civsTurbo modeCheats
Victory
Defeat
🇸🇪 Turks · Sweden
569
+17
🇭🇺 Japanese · Hungary
583
-17
ArminGN
10:32 Feudal Age
10:53 Horse Collar
18:17 Castle Age
16:26 Double-Bit Axe
18:00 Stone Mining
18:27 Forging
19:38 Heavy Plow
23:02 Fletching
31:07 Imperial Age
29:30 Wheelbarrow
30:05 Bow Saw
30:47 Iron Casting
31:40 Padded Archer Armor
31:47 Scale Barding Armor
31:39 Bodkin Arrow
33:21 Masonry
35:49 Architecture
37:19 Blast Furnace
36:36 Leather Archer Armor
38:54 Squires
39:46 Husbandry
39:59 Bloodlines
39:41 Arrowslits
40:18 Ballistics
40:19 Bombard Tower
Aent
0:38 Loom
14:56 Feudal Age
26:55 Castle Age
29:09 Double-Bit Axe
30:36 Bow Saw
34:41 Imperial Age
32:19 Elite Skirmisher
36:25 Chemistry
36:33 Padded Archer Armor
37:26 Cavalier
Connection lost

Rejoining the realm…

Still unreachable

The connection could not be restored.

Session expired

The server has moved on; the page needs a fresh start.